Predators vs Red Wings
(R1)
Created - April 2, 2021 at 20:55
Goals
|
| Predators |
1 |
0 |
1 |
2 |
| Red Wings |
1 |
0 |
0 |
1 |
|
Shots
|
| Predators |
1 |
10 |
13 |
24 |
| Red Wings |
3 |
4 |
8 |
15 |
|
1st period
1. Red Wings , Connor Brown 28 (Mike Richards 37) at 16:24 (PP)
2. Predators , Andy Miele 11 (Brandon Gormley 17, Brendan Gallagher 20) at 19:38
Penalties :
Andy Miele (Nas) for Tripping (Minor) at 16:22, Alexander Edler (Nas) for Goalie Interference (Minor) at 16:41
2nd period
No Goal
Penalties :
Ryan Kesler (Nas) for Holding (Minor) at 0:22, Mike Richards (Det) for Hooking (Minor) at 5:28, Alexander Ovechkin (Nas) for Holding (Minor) at 9:09, Marko Dano (Det) for Slashing (Double Minor) at 12:05, Michael Haley (Det) for Holding (Minor) at 18:19
3rd period
3. Predators , Byron Bitz 15 (Justin Faulk 30, Jaden Schwartz 29) at 0:50
Penalties :
Ryan O'Byrne (Det) for Hooking (Minor) at 1:03, Jakub Kindl (Det) for High sticking (Minor) at 6:45, Kris Versteeg (Det) for Checking from behind (Minor) at 10:03, Alex Picard (Det) for Holding (Minor) at 17:06
Goalie Stats
Jaroslav Halak (Nas), 14 saves from 15 shots - (0.933), W, 32-25-8, 60:00 minutes
Robin Lehner (Det), 22 saves from 24 shots - (0.917), L, 21-28-7, 59:26 minutes
Players Stats for Predators
Player Name G A P +/- PIM S H SB GA TA FO MP PP MP PK MP
------------------------------------------------------------------------------------
Alexander Edler 0 0 0 0 2 0 2 2 1 2 0/0 26:31 9:27 1:46
Alexander Ovechkin 0 0 0 0 2 5 0 1 1 0 3/6 22:04 9:03 0:54
Andy Miele 1 0 1 1 2 1 0 0 0 0 3/4 13:11 0:00 2:55
Brandon Gormley 0 1 1 1 0 1 0 0 0 0 0/0 12:01 0:45 0:21
Brendan Gallagher 0 1 1 1 0 2 1 0 0 1 0/1 17:07 5:25 1:17
Byron Bitz 1 0 1 1 0 2 0 0 1 0 0/0 11:15 1:21 1:46
Chris Higgins 0 0 0 1 0 1 0 0 0 0 0/0 10:38 0:51 0:10
Jack Eichel 0 0 0 1 0 0 2 0 0 0 4/6 14:31 5:59 0:12
Jaden Schwartz 0 1 1 1 0 1 3 0 1 0 0/0 16:35 5:59 1:46
John Moore 0 0 0 1 0 1 0 0 0 2 0/0 20:12 6:01 3:03
Justin Abdelkader 0 0 0 0 0 1 1 0 1 0 0/0 8:31 0:23 0:00
Justin Faulk 0 1 1 1 0 2 1 0 1 1 0/0 19:53 6:01 2:58
Mark Pysyk 0 0 0 0 0 0 1 0 0 0 2/2 11:13 0:03 2:58
Mikael Granlund 0 0 0 0 0 4 1 1 3 0 0/1 21:10 9:04 0:00
Nate Schmidt 0 0 0 1 0 1 0 0 0 0 0/0 12:08 0:09 0:54
Nik Antropov 0 0 0 0 0 1 0 0 0 0 0/1 8:37 0:31 0:00
Ryan Kesler 0 0 0 0 2 0 1 0 0 0 19/28 20:56 9:00 0:00
Ryan Mcdonagh 0 0 0 0 0 1 2 1 0 1 0/0 27:24 9:23 2:56
Players Stats for Red Wings
Player Name G A P +/- PIM S H SB GA TA FO MP PP MP PK MP
------------------------------------------------------------------------------------
Alex Picard 0 0 0 -1 2 1 0 0 0 0 0/0 10:04 0:02 2:15
Carson Mcmillan 0 0 0 -1 0 0 2 0 0 1 0/0 17:00 0:02 8:41
Connor Brown 1 0 1 0 0 1 2 1 0 0 0/0 14:59 3:14 0:00
Darroll Powe 0 0 0 0 0 0 0 0 0 0 7/21 15:34 0:00 8:42
David Krejci 0 0 0 -1 0 1 1 0 0 0 1/5 11:01 0:00 2:59
Frans Nielsen 0 0 0 0 0 0 2 1 0 0 1/5 18:29 2:43 4:40
Jakub Kindl 0 0 0 0 2 0 1 0 0 0 0/0 12:55 0:00 1:50
Jiri Fischer 0 0 0 0 0 1 2 1 0 0 0/0 20:35 3:06 6:44
Kellan Lain 0 0 0 0 0 1 0 1 0 0 0/0 14:32 2:43 0:26
Kris Versteeg 0 0 0 -1 2 2 3 0 1 0 1/3 15:28 3:14 0:00
Lasse Kukkonen 0 0 0 0 0 0 1 0 1 0 0/0 11:12 0:00 1:03
Marko Dano 0 0 0 -1 4 2 3 1 4 0 1/1 15:28 2:43 0:00
Michael Haley 0 0 0 0 2 0 0 1 0 1 0/0 10:53 0:00 4:03
Mike Richards 0 1 1 -1 2 1 2 0 0 1 7/13 15:22 3:10 0:00
Ole-Kristian Tollefsen 0 0 0 -2 0 2 1 2 0 1 0/0 26:57 2:53 8:06
Petr Pohl 0 0 0 0 0 1 0 0 0 1 0/1 6:53 0:06 0:00
Philip Samuelsson 0 0 0 -2 0 2 0 3 0 2 0/0 27:37 2:53 8:06
Ryan O'Byrne 0 0 0 0 2 0 3 1 1 2 0/0 19:01 3:06 5:57
3 Stars
1 - Byron Bitz (Nas)
2 - Jaden Schwartz (Nas)
3 - Connor Brown (Det)
Power Play
Predators - 0 on 8 Attempt(s) - 0.00%
Red Wings - 1 on 4 Attempt(s) - 25.00%
Penalty Kill
Predators - 3 on 4 Attempt(s) - 75.00%
- Score 0 goal in Penalty Kill
Red Wings - 8 on 8 Attempt(s) - 100.00%
- Score 0 goal in Penalty Kill
Team Stat
Predators - Hits : 15 - Faceoff Wins : 31 - Blocked Shots : 5 - Penalty Minutes : 8
Red Wings - Hits : 23 - Faceoff Wins : 18 - Blocked Shots : 12 - Penalty Minutes : 16
Official
Referees : Unknown
Linesman : Unknown
Game Notes
No Game Note
Finance
Level 1 -- Attendance: 6000 (100.00%) -- Ticket Income $642,000
Level 2 -- Attendance: 3650 (73.00%) -- Ticket Income $259,150
Level 3 -- Attendance: 1591 (79.55%) -- Ticket Income $76,368
Level 4 -- Attendance: 3172 (79.30%) -- Ticket Income $104,676
Luxury Box -- Attendance: 924 (92.40%) -- Ticket Income $175,560
Game was played at the Joe Louis Arena.
Total Attendance: 15337 (85.21%)
Total Ticket Income: $1,257,754
Other Income: $188,663
Total Income: $1,446,417
Predators
5 vs 5 Forward
Center Left Wing Right Wing Time % Phy DF OF
1 Ryan Kesler Alexander Ovechkin Mikael Granlund 40 1 2 2
2 Jack Eichel Jaden Schwartz Byron Bitz 30 1 2 2
3 Andy Miele Chris Higgins Brendan Gallagher 20 1 2 2
4 Nik Antropov Justin Abdelkader Mark Pysyk 10 1 2 2
5 vs 5 Defense
Defense Defense Time % Phy DF OF
1 Ryan Mcdonagh Alexander Edler 40 1 2 2
2 John Moore Justin Faulk 30 1 2 2
3 Nate Schmidt Brandon Gormley 20 1 2 2
4 Ryan Mcdonagh Alexander Edler 10 1 2 2
PowerPlay Forward
Center Left Wing Right Wing Time % Phy DF OF
1 Ryan Kesler Alexander Ovechkin Mikael Granlund 60 1 1 3
2 Jack Eichel Jaden Schwartz Brendan Gallagher 40 1 1 3
PowerPlay Defense
Defense Defense Time % Phy DF OF
1 Ryan Mcdonagh Alexander Edler 60 1 1 3
2 John Moore Justin Faulk 40 1 1 3
Penalty Kill 4 Players Forward
Center Wing Time % Phy DF OF
1 Andy Miele Mark Pysyk 60 1 3 1
2 Jaden Schwartz Byron Bitz 40 1 3 1
Penalty Kill 4 Players Defense
Defense Defense Time % Phy DF OF
1 Ryan Mcdonagh Alexander Edler 60 1 3 1
2 John Moore Justin Faulk 40 1 1 3
Penalty Kill - 3 Players Forward
Forward Time % Phy DF OF
1 Andy Miele 60 1 3 1
2 Jaden Schwartz 40 1 3 1
Penalty Kill - 3 Players Defense
Defense Defense Time % Phy DF OF
1 Ryan Mcdonagh Alexander Edler 60 1 3 1
2 John Moore Justin Faulk 40 1 3 1
4 vs 4 Forward
Center Wing Time % Phy DF OF
1 Mikael Granlund Alexander Ovechkin 60 1 2 2
2 Ryan Kesler Jaden Schwartz 40 1 2 2
4 vs 4 Defense
Defense Defense Time % Phy DF OF
1 Ryan Mcdonagh Alexander Edler 60 1 2 2
2 John Moore Justin Faulk 40 1 2 2
Last Minutes Offensive
Center Left Wing Right Wing Defense Defense
Ryan Kesler Alexander Ovechkin Mikael Granlund Ryan Mcdonagh Alexander Edler
Last Minutes Defensive
Center Left Wing Right Wing Defense Defense
Andy Miele Jaden Schwartz Brendan Gallagher Ryan Mcdonagh John Moore
Goaltenders
Starting : Jaroslav Halak
Backup : Anders Lindback
Extra Forwards
Normal : Chris Higgins, Alexander Ovechkin, Jaden Schwartz - PP : Chris Higgins, Alexander Ovechkin - PK : Brendan Gallagher
Extra Defensemen
Normal : Brandon Gormley, Nate Schmidt, John Moore - PP : Brandon Gormley - PK : Nate Schmidt, Brandon Gormley
Penalty Shots
Jaden Schwartz, Jack Eichel, Alexander Ovechkin, Ryan Kesler, Ryan Mcdonagh
Scratches
Dmitri Kalinin (Healthy)
Red Wings
5 vs 5 Forward
Center Left Wing Right Wing Time % Phy DF OF
1 Mike Richards Marko Dano Kris Versteeg 40 1 2 2
2 Frans Nielsen Kellan Lain Connor Brown 30 0 2 3
3 David Krejci Alex Picard Carson Mcmillan 20 1 2 2
4 Darroll Powe Michael Haley Petr Pohl 10 1 2 2
5 vs 5 Defense
Defense Defense Time % Phy DF OF
1 Philip Samuelsson Ole-Kristian Tollefsen 40 1 2 2
2 Ryan O'Byrne Jiri Fischer 30 1 2 2
3 Lasse Kukkonen Jakub Kindl 20 1 2 2
4 Philip Samuelsson Ole-Kristian Tollefsen 10 1 2 2
PowerPlay Forward
Center Left Wing Right Wing Time % Phy DF OF
1 Mike Richards Kris Versteeg Connor Brown 60 1 2 2
2 Frans Nielsen Marko Dano Kellan Lain 40 1 2 2
PowerPlay Defense
Defense Defense Time % Phy DF OF
1 Philip Samuelsson Ole-Kristian Tollefsen 60 1 2 2
2 Ryan O'Byrne Jiri Fischer 40 1 2 2
Penalty Kill 4 Players Forward
Center Wing Time % Phy DF OF
1 Darroll Powe Carson Mcmillan 60 1 2 2
2 Frans Nielsen Michael Haley 40 1 2 2
Penalty Kill 4 Players Defense
Defense Defense Time % Phy DF OF
1 Philip Samuelsson Ole-Kristian Tollefsen 60 1 2 2
2 Ryan O'Byrne Jiri Fischer 40 1 2 2
Penalty Kill - 3 Players Forward
Forward Time % Phy DF OF
1 Carson Mcmillan 60 1 2 2
2 Michael Haley 40 1 2 2
Penalty Kill - 3 Players Defense
Defense Defense Time % Phy DF OF
1 Philip Samuelsson Ole-Kristian Tollefsen 60 1 2 2
2 Ryan O'Byrne Jiri Fischer 40 1 2 2
4 vs 4 Forward
Center Wing Time % Phy DF OF
1 Mike Richards Kris Versteeg 60 1 2 2
2 Connor Brown Marko Dano 40 1 2 2
4 vs 4 Defense
Defense Defense Time % Phy DF OF
1 Philip Samuelsson Ole-Kristian Tollefsen 60 1 2 2
2 Ryan O'Byrne Jiri Fischer 40 1 2 2
Last Minutes Offensive
Center Left Wing Right Wing Defense Defense
Mike Richards Marko Dano Kris Versteeg Philip Samuelsson Connor Brown
Last Minutes Defensive
Center Left Wing Right Wing Defense Defense
Frans Nielsen Michael Haley Carson Mcmillan Philip Samuelsson Ole-Kristian Tollefsen
Goaltenders
Starting : Robin Lehner
Backup : Josh Harding
Extra Forwards
Normal : Petr Pohl, Alex Picard, David Krejci - PP : Petr Pohl, Alex Picard - PK : David Krejci
Extra Defensemen
Normal : Lasse Kukkonen, Jakub Kindl, Ryan O'Byrne - PP : Lasse Kukkonen - PK : Jakub Kindl, Ryan O'Byrne
Penalty Shots
Kris Versteeg, Mike Richards, Marko Dano, Carson Mcmillan, Alex Picard
Scratches
Chuck Kobasew (Healthy), Matt Greene (Healthy)
% Time on Ice - Predators
Lines # - Real PCT - Wanted PCT - Time Play
Normal Forward
1 - 34% - 40% - 12:39
2 - 21% - 30% - 7:58
3 - 24% - 20% - 9:01
4 - 21% - 10% - 7:45
Normal Defense
1 - 40% - 40% - 14:58
2 - 28% - 30% - 10:39
3 - 29% - 20% - 10:54
4 - 2% - 10% - 0:52
PP Forward
1 - 62% - 60% - 9:54
2 - 38% - 40% - 5:59
PP Defense
1 - 62% - 60% - 9:52
2 - 38% - 40% - 6:01
PK Forward
1 - 70% - 60% - 4:13
2 - 30% - 40% - 1:46
PK Defense
1 - 50% - 60% - 3:01
2 - 50% - 40% - 2:58
PK3 Forward
1 - 0% - 60%
2 - 0% - 40%
PK3 Defense
1 - 0% - 60%
2 - 0% - 40%
44 Forward
1 - 0% - 60%
2 - 0% - 40%
44 Defense
1 - 0% - 60%
2 - 0% - 40%
Last Minute Offensive - 0:00
Last Minute Defensive - 0:45
Total
Forward - 60:00
Defense - 60:00
|
% Time on Ice - Red Wings
Lines # - Real PCT - Wanted PCT - Time Play
Normal Forward
1 - 34% - 40% - 12:47
2 - 30% - 30% - 11:09
3 - 20% - 20% - 7:24
4 - 16% - 10% - 6:04
Normal Defense
1 - 42% - 40% - 15:52
2 - 29% - 30% - 10:51
3 - 24% - 20% - 9:09
4 - 4% - 10% - 1:32
PP Forward
1 - 55% - 60% - 3:16
2 - 45% - 40% - 2:43
PP Defense
1 - 48% - 60% - 2:53
2 - 52% - 40% - 3:06
PK Forward
1 - 72% - 60% - 11:22
2 - 28% - 40% - 4:31
PK Defense
1 - 58% - 60% - 9:13
2 - 42% - 40% - 6:40
PK3 Forward
1 - 0% - 60%
2 - 0% - 40%
PK3 Defense
1 - 0% - 60%
2 - 0% - 40%
44 Forward
1 - 0% - 60%
2 - 0% - 40%
44 Defense
1 - 0% - 60%
2 - 0% - 40%
Last Minute Offensive - 0:44
Last Minute Defensive - 0:00
Total
Forward - 60:00
Defense - 60:00
|
Play-by-Play
1st period
0:01 of 1st period - Mike Richards wins face-off versus Alexander Ovechkin in neutral zone.
0:04 of 1st period - Snap shot by Marko Dano.
0:04 of 1st period - Deflect By Kris Versteeg.
0:04 of 1st period - Stopped by Jaroslav Halak with a rebound.
0:06 of 1st period - Snap shot by Ole-Kristian Tollefsen.
0:06 of 1st period - Deflect By Mike Richards.
0:06 of 1st period - Shot Blocked by Ryan Mcdonagh.
0:06 of 1st period - Puck is out of play.
0:07 of 1st period - Mike Richards wins face-off versus Ryan Kesler in Predators zone.
0:44 of 1st period - Snap shot by Kris Versteeg.
0:44 of 1st period - Shot Misses the Net.
1:38 of 1st period - Wrist shot by Alexander Ovechkin.
1:38 of 1st period - Shot Misses the Net.
2:00 of 1st period - Snap shot by Mike Richards.
2:00 of 1st period - Shot Blocked by Alexander Edler.
2:10 of 1st period - Snap shot by Kris Versteeg.
2:10 of 1st period - Shot Misses the Net.
2:12 of 1st period - Snap shot by Mike Richards.
2:12 of 1st period - Shot Blocked by Alexander Edler.
2:33 of 1st period - Wrist shot by Kris Versteeg.
2:33 of 1st period - Shot Misses the Net.
3:02 of 1st period - Snap shot by Mike Richards.
3:02 of 1st period - Stopped by Jaroslav Halak with a rebound.
3:04 of 1st period - Slapshot by Ole-Kristian Tollefsen.
3:04 of 1st period - Deflect By Mike Richards.
3:04 of 1st period - Shot Misses the Net.
3:04 of 1st period - Puck is out of play.
3:05 of 1st period - Jack Eichel wins face-off versus Frans Nielsen in Predators zone.
3:12 of 1st period - John Moore is hit by Ryan O'Byrne.
3:30 of 1st period - Chris Higgins is hit by Carson Mcmillan and loses puck.
4:03 of 1st period - Snap shot by Justin Abdelkader.
4:03 of 1st period - Shot Misses the Net.
5:22 of 1st period - Jakub Kindl is hit by Jack Eichel and loses puck.
10:19 of 1st period - Darroll Powe is hit by Mikael Granlund and loses puck.
14:57 of 1st period - Andy Miele is hit by Jiri Fischer and loses puck.
16:02 of 1st period - Mark Pysyk is hit by Ole-Kristian Tollefsen and loses puck.
16:22 of 1st period - Minor Penalty to Andy Miele for Tripping.
16:23 of 1st period - Mike Richards wins face-off versus Brendan Gallagher in Predators zone.
16:24 of 1st period - Snap shot by Connor Brown.
16:24 of 1st period - Goal by Connor Brown - Predators : 0 - Red Wings : 1.
16:25 of 1st period - Mike Richards wins face-off versus Jack Eichel in neutral zone.
16:41 of 1st period - Minor Penalty to Alexander Edler for Goalie Interference.
16:42 of 1st period - Andy Miele wins face-off versus Mike Richards in Predators zone.
17:21 of 1st period - Slapshot by Jaden Schwartz.
17:21 of 1st period - Shot Blocked by Kellan Lain.
18:36 of 1st period - Slapshot by Justin Faulk.
18:36 of 1st period - Shot Blocked by Marko Dano.
18:41 of 1st period - Penalty to Alexander Edler is over, Alexander Edler is back on ice.
19:11 of 1st period - Nik Antropov is hit by Lasse Kukkonen and loses puck.
19:34 of 1st period - Snap shot by Brendan Gallagher.
19:34 of 1st period - Shot Blocked by Philip Samuelsson.
19:36 of 1st period - Slapshot by Brandon Gormley.
19:36 of 1st period - Shot Blocked by Ole-Kristian Tollefsen.
19:38 of 1st period - Wrist shot by Andy Miele.
19:38 of 1st period - Goal by Andy Miele - Predators : 1 - Red Wings : 1.
19:39 of 1st period - Ryan Kesler wins face-off versus Kris Versteeg in neutral zone.
19:44 of 1st period - Snap shot by Mikael Granlund.
19:44 of 1st period - Deflect By Ryan Kesler.
19:44 of 1st period - Shot Misses the Net.
19:44 of 1st period - Puck is out of play.
19:45 of 1st period - Ryan Kesler wins face-off versus Mike Richards in Red Wings zone.
19:46 of 1st period - Wrist shot by Mikael Granlund.
19:46 of 1st period - Shot Blocked by Ole-Kristian Tollefsen.
Goals for this period are 1 for Predators vs 1 for Red Wings.
Shots for this period are 1 for Predators vs 3 for Red Wings.
2nd period
0:01 of 2nd period - Mike Richards wins face-off versus Ryan Kesler in neutral zone.
0:12 of 2nd period - Backhand shot by Marko Dano.
0:12 of 2nd period - Shot Misses the Net.
0:14 of 2nd period - Wrist shot by Kris Versteeg.
0:14 of 2nd period - Shot Blocked by Alexander Ovechkin.
0:16 of 2nd period - Snap shot by Philip Samuelsson.
0:16 of 2nd period - Shot Misses the Net.
0:22 of 2nd period - Minor Penalty to Ryan Kesler for Holding.
0:23 of 2nd period - Mark Pysyk wins face-off versus Kris Versteeg in Predators zone.
0:38 of 2nd period - Wrist shot by Connor Brown.
0:38 of 2nd period - Shot Misses the Net.
0:50 of 2nd period - Wrist shot by Frans Nielsen.
0:50 of 2nd period - Shot Misses the Net.
1:00 of 2nd period - Marko Dano is hit by Jaden Schwartz and loses puck.
1:21 of 2nd period - John Moore is hit by Kris Versteeg.
1:35 of 2nd period - Slapshot by Mark Pysyk.
1:35 of 2nd period - Shot Blocked by Connor Brown.
2:22 of 2nd period - Penalty to Ryan Kesler is over, Ryan Kesler is back on ice.
2:29 of 2nd period - Snap shot by Mikael Granlund.
2:29 of 2nd period - Stopped by Robin Lehner with a rebound.
2:31 of 2nd period - Slapshot by Brandon Gormley.
2:31 of 2nd period - Stopped by Robin Lehner without a rebound.
2:32 of 2nd period - Ryan Kesler wins face-off versus David Krejci in Red Wings zone.
3:15 of 2nd period - Wrist shot by Brendan Gallagher.
3:15 of 2nd period - Stopped by Robin Lehner without a rebound.
3:16 of 2nd period - Frans Nielsen wins face-off versus Andy Miele in Red Wings zone.
3:59 of 2nd period - Wrist shot by Chris Higgins.
3:59 of 2nd period - Stopped by Robin Lehner with a rebound.
4:59 of 2nd period - Snap shot by Chris Higgins.
4:59 of 2nd period - Shot Misses the Net.
5:09 of 2nd period - Wrist shot by Brendan Gallagher.
5:09 of 2nd period - Shot Misses the Net.
5:11 of 2nd period - Snap shot by Brendan Gallagher.
5:11 of 2nd period - Shot Misses the Net.
5:17 of 2nd period - Wrist shot by Philip Samuelsson.
5:17 of 2nd period - Stopped by Jaroslav Halak without a rebound.
5:18 of 2nd period - Mike Richards wins face-off versus Ryan Kesler in Predators zone.
5:19 of 2nd period - Snap shot by Kris Versteeg.
5:19 of 2nd period - Stopped by Jaroslav Halak with a rebound.
5:28 of 2nd period - Minor Penalty to Mike Richards for Hooking.
5:29 of 2nd period - Ryan Kesler wins face-off versus Darroll Powe in Red Wings zone.
6:02 of 2nd period - Icing by Mikael Granlund.
6:03 of 2nd period - Darroll Powe wins face-off versus Ryan Kesler in Predators zone.
6:14 of 2nd period - Wrist shot by Jaden Schwartz.
6:14 of 2nd period - Shot Blocked by Jiri Fischer.
6:16 of 2nd period - Wrist shot by Byron Bitz.
6:16 of 2nd period - Stopped by Robin Lehner with a rebound.
6:18 of 2nd period - Slapshot by Justin Faulk.
6:18 of 2nd period - Stopped by Robin Lehner with a rebound.
6:20 of 2nd period - Slapshot by John Moore.
6:20 of 2nd period - Stopped by Robin Lehner with a rebound.
6:58 of 2nd period - David Krejci is hit by Brendan Gallagher and loses puck.
7:28 of 2nd period - Penalty to Mike Richards is over, Mike Richards is back on ice.
8:03 of 2nd period - Andy Miele is hit by Jakub Kindl and loses puck.
8:41 of 2nd period - Ole-Kristian Tollefsen is hit by Jack Eichel and loses puck.
8:52 of 2nd period - Alexander Edler is hit by Frans Nielsen and loses puck.
8:59 of 2nd period - Kellan Lain is hit by Alexander Edler and loses puck.
9:09 of 2nd period - Minor Penalty to Alexander Ovechkin for Holding.
9:10 of 2nd period - Mark Pysyk wins face-off versus Mike Richards in Predators zone.
10:38 of 2nd period - Brendan Gallagher is hit by Ryan O'Byrne and loses puck.
10:49 of 2nd period - Kellan Lain is hit by Jaden Schwartz and loses puck.
11:02 of 2nd period - Jack Eichel is hit by Connor Brown and loses puck.
11:09 of 2nd period - Penalty to Alexander Ovechkin is over, Alexander Ovechkin is back on ice.
11:12 of 2nd period - Off-side.
11:13 of 2nd period - Ryan Kesler wins face-off versus Petr Pohl in neutral zone.
11:24 of 2nd period - Slapshot by Mikael Granlund.
11:24 of 2nd period - Deflect By Alexander Ovechkin.
11:24 of 2nd period - Shot Misses the Net.
11:24 of 2nd period - Puck is out of play.
11:25 of 2nd period - Ryan Kesler wins face-off versus David Krejci in Red Wings zone.
11:26 of 2nd period - Snap shot by Mikael Granlund.
11:26 of 2nd period - Stopped by Robin Lehner without a rebound.
11:27 of 2nd period - David Krejci wins face-off versus Ryan Kesler in Red Wings zone.
11:27 of 2nd period - David Krejci is hit by Ryan Kesler.
11:37 of 2nd period - Snap shot by David Krejci.
11:37 of 2nd period - Stopped by Jaroslav Halak without a rebound.
11:38 of 2nd period - Kris Versteeg wins face-off versus Ryan Kesler in Predators zone.
11:41 of 2nd period - Snap shot by Marko Dano.
11:41 of 2nd period - Stopped by Jaroslav Halak without a rebound.
11:42 of 2nd period - Ryan Kesler wins face-off versus Mike Richards in Predators zone.
11:42 of 2nd period - Ryan Kesler is hit by Kris Versteeg.
12:05 of 2nd period - Double Minor Penalty to Marko Dano for Slashing.
12:06 of 2nd period - Darroll Powe wins face-off versus Ryan Kesler in Red Wings zone.
12:06 of 2nd period - Darroll Powe is hit by Ryan Mcdonagh.
16:05 of 2nd period - Penalty to Marko Dano is over, Marko Dano is back on ice.
16:20 of 2nd period - Carson Mcmillan is hit by Mark Pysyk and loses puck.
17:47 of 2nd period - Mikael Granlund is hit by Marko Dano and loses puck.
18:04 of 2nd period - John Moore is hit by Marko Dano and loses puck.
18:19 of 2nd period - Minor Penalty to Michael Haley for Holding.
18:20 of 2nd period - Ryan Kesler wins face-off versus Darroll Powe in Red Wings zone.
18:25 of 2nd period - Snap shot by Mikael Granlund.
18:25 of 2nd period - Shot Misses the Net.
18:27 of 2nd period - Wrist shot by Alexander Ovechkin.
18:27 of 2nd period - Stopped by Robin Lehner with a rebound.
18:29 of 2nd period - Snap shot by Ryan Kesler.
18:29 of 2nd period - Deflect By Mikael Granlund.
18:29 of 2nd period - Shot Blocked by Ryan O'Byrne.
18:29 of 2nd period - Puck is out of play.
18:30 of 2nd period - Alexander Ovechkin wins face-off versus Darroll Powe in Red Wings zone.
18:52 of 2nd period - Slapshot by Mikael Granlund.
18:52 of 2nd period - Stopped by Robin Lehner without a rebound.
18:53 of 2nd period - Jack Eichel wins face-off versus Darroll Powe in Red Wings zone.
19:33 of 2nd period - Icing by Ryan Mcdonagh.
19:34 of 2nd period - Ryan Kesler wins face-off versus Frans Nielsen in Predators zone.
19:59 of 2nd period - Snap shot by Ryan Mcdonagh.
19:59 of 2nd period - Shot Blocked by Philip Samuelsson.
Goals for this period are 0 for Predators vs 0 for Red Wings.
Shots for this period are 10 for Predators vs 4 for Red Wings.
3rd period
0:01 of 3rd period - Alexander Ovechkin wins face-off versus Darroll Powe in neutral zone.
0:04 of 3rd period - Slapshot by Ryan Mcdonagh.
0:04 of 3rd period - Stopped by Robin Lehner without a rebound.
0:05 of 3rd period - Darroll Powe wins face-off versus Ryan Kesler in Red Wings zone.
0:10 of 3rd period - Slapshot by Ole-Kristian Tollefsen.
0:10 of 3rd period - Stopped by Jaroslav Halak without a rebound.
0:11 of 3rd period - Ryan Kesler wins face-off versus Darroll Powe in Predators zone.
0:19 of 3rd period - Penalty to Michael Haley is over, Michael Haley is back on ice.
0:28 of 3rd period - Slapshot by Mikael Granlund.
0:28 of 3rd period - Shot Misses the Net.
0:35 of 3rd period - Icing by Darroll Powe.
0:36 of 3rd period - Darroll Powe wins face-off versus Jack Eichel in Red Wings zone.
0:41 of 3rd period - Jaden Schwartz is hit by Mike Richards and loses puck.
0:48 of 3rd period - Slapshot by Justin Faulk.
0:48 of 3rd period - Stopped by Robin Lehner with a rebound.
0:50 of 3rd period - Wrist shot by Byron Bitz.
0:50 of 3rd period - Goal by Byron Bitz - Predators : 2 - Red Wings : 1.
0:51 of 3rd period - Ryan Kesler wins face-off versus Mike Richards in neutral zone.
1:03 of 3rd period - Minor Penalty to Ryan O'Byrne for Hooking.
1:04 of 3rd period - Ryan Kesler wins face-off versus Darroll Powe in Red Wings zone.
1:04 of 3rd period - Snap shot by Mikael Granlund.
1:04 of 3rd period - Deflect By Ryan Kesler.
1:04 of 3rd period - Shot Blocked by Philip Samuelsson.
1:04 of 3rd period - Puck is out of play.
1:05 of 3rd period - Ryan Kesler wins face-off versus Darroll Powe in Red Wings zone.
1:42 of 3rd period - Snap shot by Jaden Schwartz.
1:42 of 3rd period - Stopped by Robin Lehner without a rebound.
1:43 of 3rd period - Darroll Powe wins face-off versus Alexander Ovechkin in Red Wings zone.
1:54 of 3rd period - Slapshot by Justin Faulk.
1:54 of 3rd period - Shot Misses the Net.
1:56 of 3rd period - Slapshot by Mikael Granlund.
1:56 of 3rd period - Stopped by Robin Lehner without a rebound.
1:57 of 3rd period - Ryan Kesler wins face-off versus Darroll Powe in Red Wings zone.
2:40 of 3rd period - Snap shot by John Moore.
2:40 of 3rd period - Shot Misses the Net.
2:46 of 3rd period - Brendan Gallagher is hit by Carson Mcmillan and loses puck.
3:03 of 3rd period - Penalty to Ryan O'Byrne is over, Ryan O'Byrne is back on ice.
3:45 of 3rd period - Snap shot by Petr Pohl.
3:45 of 3rd period - Stopped by Jaroslav Halak with a rebound.
3:49 of 3rd period - Snap shot by Darroll Powe.
3:49 of 3rd period - Shot Misses the Net.
3:51 of 3rd period - Slapshot by Darroll Powe.
3:51 of 3rd period - Shot Misses the Net.
4:32 of 3rd period - Brendan Gallagher is hit by Ryan O'Byrne and loses puck.
5:09 of 3rd period - Off-side.
5:10 of 3rd period - Marko Dano wins face-off versus Mikael Granlund in neutral zone.
6:00 of 3rd period - Slapshot by Frans Nielsen.
6:00 of 3rd period - Shot Misses the Net.
6:02 of 3rd period - Snap shot by Connor Brown.
6:02 of 3rd period - Shot Misses the Net.
6:04 of 3rd period - Snap shot by Connor Brown.
6:04 of 3rd period - Deflect By Frans Nielsen.
6:04 of 3rd period - Shot Misses the Net.
6:04 of 3rd period - Puck is out of play.
6:05 of 3rd period - Ryan Kesler wins face-off versus Frans Nielsen in Predators zone.
6:22 of 3rd period - Snap shot by Frans Nielsen.
6:22 of 3rd period - Shot Misses the Net.
6:32 of 3rd period - Carson Mcmillan is hit by Jaden Schwartz and loses puck.
6:41 of 3rd period - Snap shot by Alex Picard.
6:41 of 3rd period - Stopped by Jaroslav Halak without a rebound.
6:42 of 3rd period - Jack Eichel wins face-off versus Mike Richards in Predators zone.
6:42 of 3rd period - Jack Eichel is hit by Mike Richards.
6:45 of 3rd period - Minor Penalty to Jakub Kindl for High sticking.
6:46 of 3rd period - Darroll Powe wins face-off versus Ryan Kesler in Red Wings zone.
7:17 of 3rd period - Snap shot by Jaden Schwartz.
7:17 of 3rd period - Shot Blocked by Michael Haley.
7:19 of 3rd period - Wrist shot by Alexander Edler.
7:19 of 3rd period - Shot Blocked by Frans Nielsen.
7:21 of 3rd period - Snap shot by Brendan Gallagher.
7:21 of 3rd period - Stopped by Robin Lehner without a rebound.
7:22 of 3rd period - Jack Eichel wins face-off versus Darroll Powe in Red Wings zone.
8:45 of 3rd period - Penalty to Jakub Kindl is over, Jakub Kindl is back on ice.
9:03 of 3rd period - Lasse Kukkonen is hit by Justin Faulk.
9:16 of 3rd period - Nate Schmidt is hit by Kris Versteeg.
10:03 of 3rd period - Minor Penalty to Kris Versteeg for Checking from behind.
10:04 of 3rd period - Ryan Kesler wins face-off versus Darroll Powe in Red Wings zone.
10:05 of 3rd period - Wrist shot by Alexander Ovechkin.
10:05 of 3rd period - Stopped by Robin Lehner without a rebound.
10:06 of 3rd period - Alexander Ovechkin wins face-off versus Darroll Powe in Red Wings zone.
10:53 of 3rd period - Snap shot by Philip Samuelsson.
10:53 of 3rd period - Stopped by Jaroslav Halak with a rebound.
12:03 of 3rd period - Penalty to Kris Versteeg is over, Kris Versteeg is back on ice.
12:13 of 3rd period - Slapshot by Ole-Kristian Tollefsen.
12:13 of 3rd period - Stopped by Jaroslav Halak with a rebound.
12:39 of 3rd period - Chris Higgins is hit by Connor Brown and loses puck.
12:52 of 3rd period - Lasse Kukkonen is hit by Justin Abdelkader and loses puck.
12:59 of 3rd period - Nik Antropov is hit by David Krejci and loses puck.
13:17 of 3rd period - Snap shot by Marko Dano.
13:17 of 3rd period - Stopped by Jaroslav Halak without a rebound.
13:18 of 3rd period - Mike Richards wins face-off versus Alexander Ovechkin in Predators zone.
13:29 of 3rd period - Snap shot by Brandon Gormley.
13:29 of 3rd period - Shot Misses the Net.
13:31 of 3rd period - Snap shot by Nate Schmidt.
13:31 of 3rd period - Stopped by Robin Lehner without a rebound.
13:32 of 3rd period - Ryan Kesler wins face-off versus Frans Nielsen in Red Wings zone.
13:55 of 3rd period - Philip Samuelsson is hit by Ryan Mcdonagh and loses puck.
14:52 of 3rd period - Ryan Kesler is hit by Frans Nielsen and loses puck.
15:05 of 3rd period - Snap shot by Kellan Lain.
15:05 of 3rd period - Shot Blocked by Mikael Granlund.
15:07 of 3rd period - Snap shot by Kellan Lain.
15:07 of 3rd period - Stopped by Jaroslav Halak without a rebound.
15:08 of 3rd period - Andy Miele wins face-off versus David Krejci in Predators zone.
15:19 of 3rd period - Slapshot by Alex Picard.
15:19 of 3rd period - Shot Misses the Net.
15:33 of 3rd period - Byron Bitz is hit by Marko Dano and loses puck.
15:52 of 3rd period - Wrist shot by Justin Abdelkader.
15:52 of 3rd period - Stopped by Robin Lehner with a rebound.
15:54 of 3rd period - Wrist shot by Nik Antropov.
15:54 of 3rd period - Stopped by Robin Lehner without a rebound.
15:55 of 3rd period - Darroll Powe wins face-off versus Nik Antropov in Red Wings zone.
16:00 of 3rd period - Slapshot by Jakub Kindl.
16:00 of 3rd period - Shot Misses the Net.
16:30 of 3rd period - Slapshot by Justin Abdelkader.
16:30 of 3rd period - Deflect By Mark Pysyk.
16:30 of 3rd period - Shot Misses the Net.
16:30 of 3rd period - Puck is out of play.
16:31 of 3rd period - Andy Miele wins face-off versus David Krejci in Red Wings zone.
16:40 of 3rd period - Slapshot by Jiri Fischer.
16:40 of 3rd period - Deflect By Justin Faulk.
16:40 of 3rd period - Stopped by Jaroslav Halak with a rebound.
17:06 of 3rd period - Minor Penalty to Alex Picard for Holding.
17:07 of 3rd period - Ryan Kesler wins face-off versus Darroll Powe in Red Wings zone.
17:08 of 3rd period - Snap shot by Alexander Ovechkin.
17:08 of 3rd period - Stopped by Robin Lehner with a rebound.
17:10 of 3rd period - Snap shot by Alexander Ovechkin.
17:10 of 3rd period - Stopped by Robin Lehner without a rebound.
17:11 of 3rd period - Ryan Kesler wins face-off versus Darroll Powe in Red Wings zone.
17:12 of 3rd period - Snap shot by Alexander Ovechkin.
17:12 of 3rd period - Stopped by Robin Lehner with a rebound.
17:26 of 3rd period - Ole-Kristian Tollefsen is hit by Alexander Edler and loses puck.
18:17 of 3rd period - John Moore is hit by Jiri Fischer and loses puck.
19:06 of 3rd period - Penalty to Alex Picard is over, Alex Picard is back on ice.
19:26 of 3rd period - Red Wings, Robin Lehner is pulled from the net.
Goals for this period are 1 for Predators vs 0 for Red Wings.
Shots for this period are 13 for Predators vs 8 for Red Wings.